 Dungeon Crawl Stone Soup version 0.18.1-1-g2f07953 (webtiles) character file.

208 Charly the Insei (level 5, 0/38 HPs)
             Began as a Draconian Necromancer on May 7, 2016.
             Slain by a jackal (2 damage)
             ... on level 3 of the Dungeon.
             The game lasted 00:14:42 (855 turns).

Charly the Insei (Draconian Necromancer)             Turns: 855, Time: 00:14:42

Health: 0/38       AC:  5    Str: 10    XL:     5   Next: 55%
Magic:  8/8        EV: 12    Int: 17    God:
Gold:   100        SH:  0    Dex: 11    Spells: 3 memorised, 1 level left

rFire  . . .     SeeInvis .       - Unarmed
rCold  . . .     Gourm    .     (armour unavailable)
rNeg   . . .     Faith    .     (no shield)
rPois  .         Spirit   .     (helmet restricted)
rElec  .         Dismiss  .     (no cloak)
rCorr  .         Reflect  .     (no gloves)
SustAt .         Harm     .     (no boots)
MR     .....                    (no amulet)
Stlth  ++........               (no ring)
                                (no ring)

@: very slightly contaminated, starving, slowed, very slow, not resistant to
hostile enchantments, unstealthy
A: unfitting armour, cold-blooded, AC +5
a: no special abilities


You were on level 3 of the Dungeon.
You were starving.

You visited 1 branch of the dungeon, and saw 5 of its levels.

You collected 100 gold pieces.

Inventory:

Wands
 i - a wand of lightning (0/15)
 n - a wand of hasting (3/9)
Scrolls
 c - 3 scrolls of identify {unknown}
 d - a scroll of recharging {unknown}
 e - a scroll of teleportation {unknown}
 k - a scroll of amnesia {unknown}
 l - a scroll of random uselessness {unknown}
Potions
 g - a potion of might
 m - a potion of flight {unknown}
Books
 a - a book of Necromancy

   Spells                             Type                      Level
   a - Pain                           Necromancy                   1
   b - Animate Skeleton               Necromancy                   1
   c - Vampiric Draining              Necromancy                   3
   d - Regeneration                   Charms/Necromancy            3
   e - Animate Dead                   Necromancy                   4
   f - Control Undead                 Necromancy                   4
Comestibles
 b - a bread ration
 f - 3 meat rations


   Skills:
 - Level 1.7 Dodging
 - Level 1.7 Stealth
 + Level 5.4 Unarmed Combat
 - Level 2.0 Spellcasting
 - Level 4.0 Necromancy


You had one spell level left.
You knew the following spells:

 Your Spells              Type           Power        Failure   Level  Hunger
p - Pain                  Necr           ###.         3%          1    #......
r - Regeneration          Chrm/Necr      #.........   24%         3    ###....
v - Vampiric Draining     Necr           ###.......   12%         3    ###....


Dungeon Overview and Level Annotations

Branches:
Dungeon (5/15)
 Temple: D:4-7

Altars:
Dithmenos
Pakellas
Qazlal


Innate Abilities, Weirdness & Mutations

Your plain brown scales are hard (AC +5).
Your body does not fit into most forms of armour.
You are cold-blooded and may be slowed by cold attacks.


Message History

You climb upwards.
There is a stone staircase leading down here.
You barely miss the jackal.
The jackal bites you but does no damage.
You completely miss the jackal. The jackal closely misses you.
You barely miss the jackal. The jackal closely misses you.
You closely miss the jackal.
Your tail-slap misses the jackal.
You feel yourself slow down.
The jackal bites you but does no damage. x2
You barely miss the jackal. The jackal barely misses you.
You hit the jackal.
The jackal is severely wounded.
The jackal bites you.
* * * LOW HITPOINT WARNING * * *
The jackal closely misses you.
You barely miss the jackal.
The jackal is severely wounded.
The jackal bites you but does no damage.
The jackal bites you.
You die...

... ... .### ...##. ##
...#....#..###.
[.............. ...#....
......#########
##...............#......
..g.......#.............
........................
................@h......
......###...............
....#.# ...............
....... ...............
... ..............$ ..
##............. .
.......<......# .
...#####.####.#


You could see a jackal.

Vanquished Creatures
  Natasha (thrice) (D:4)
  2 worker ants (D:4)
  Robin (D:3)
  An adder (D:3)
  3 gnolls (D:4)
  2 worms
  A dart slug (D:4)
  A ball python (D:1)
  9 goblins
  4 hobgoblins
  3 jackals (D:4)
  2 kobolds
  A bat (D:2)
  3 rats
36 creatures vanquished.

Notes
Turn   | Place    | Note
--------------------------------------------------------------
     0 | D:1      | Charly the Draconian Necromancer began the quest for the Orb.
     0 | D:1      | Reached XP level 1. HP: 14/14 MP: 3/3
    21 | D:1      | Reached skill level 1 in Unarmed Combat
    90 | D:2      | Found a stormy altar of Qazlal.
    96 | D:2      | Found an oddly glowing altar of Pakellas.
   100 | D:2      | Found a shadowy altar of Dithmenos.
   183 | D:2      | Reached XP level 2. HP: 10/20 MP: 1/5
   267 | D:3      | Reached skill level 2 in Unarmed Combat
   345 | D:3      | Noticed Robin
   390 | D:4      | Noticed Natasha
   391 | D:4      | Killed Natasha
   391 | D:4      | Reached skill level 3 in Unarmed Combat
   391 | D:4      | Reached XP level 3. HP: 3/26 MP: 2/6
   396 | D:4      | Learned a level 3 spell: Regeneration
   415 | D:4      | Noticed Natasha
   416 | D:4      | Killed Natasha
   416 | D:4      | Reached XP level 4. HP: 14/33 MP: 0/7
   421 | D:4      | Learned a level 3 spell: Vampiric Draining
   447 | D:5      | Entered Level 5 of the Dungeon
   516 | D:4      | Reached skill level 4 in Unarmed Combat
   549 | D:4      | Noticed a centaur
   605 | D:3      | Killed Robin
   711 | D:4      | Reached XP level 5. HP: 32/38 MP: 1/8
   715 | D:4      | Noticed Natasha
   793 | D:4      | Reached skill level 5 in Unarmed Combat
   836 | D:4      | Killed Natasha
   855 | D:3      | Slain by a jackal

Skill      XL: |  1  2  3  4  5 |
---------------+----------------+-----
Unarmed Combat | 1 3 4 5 |  5.4
Dodging        | |  1.7
Stealth        | |  1.7
Spellcasting   | |  2.0
Necromancy     | |  4.0

Action                   |  1- 3 |  4- 6 || total
-------------------------+-------+-------++-------
Melee: Unarmed           |    16 |    89 ||   105
       Tailslap          |     1 |     6 ||     7
 Cast: Pain              |    25 |    15 ||    40
       Regeneration      |     1 |     5 ||     6
       Vampiric Draining |       |     2 ||     2
Evoke: Wand              |     1 |     4 ||     5
  Use: Potion            |       |     2 ||     2
Armor: Skin              |    10 |    26 ||    36
Dodge: Dodged            |    14 |    50 ||    64
